Map: Orbital Shipyard

Players

LockHEED

  • Race: Zerg Zerg
  • League: Platinum

LilDicky - Winner!

  • Race: Terran Terran
  • League: Platinum

VOD

http://www.twitch.tv/tumescentpie

Description

Time

  • Played on: Nov. 20, 2015, 10:40 p.m.
  • Length: 10:27
Show
View Real Time Build Order
Export as new Build Order

LockHEED Zerg 

Build Orders: Hatch First 

Get SALT Encoding   

  12  0:04  Drone  
  13  0:13  Overlord  
  13  0:17  Drone  
  14  0:34  Drone x2  
  16  0:54  Hatchery  
  15  1:04  Spawning Pool  
  15  1:06  Drone  
  15  1:09  Drone  
  16  1:19  Drone  
  16  1:20  Overlord  
  17  1:26  Extractor  
  16  1:38  Drone  
  16  1:39  Drone  
  18  1:51  Queen  
  20  1:57  Drone  
  20  2:00  Drone  
  22  2:07  Queen  
  24  2:10  Drone  
  25  2:19  Drone x2  
  27  2:26  Metabolic Boost  
  27  2:28  Drone x2  
  29  2:34  Queen  
  31  2:37  Drone  
  31  2:42  Zergling x2  
  31  2:44  Overlord  
  33  3:07  Drone  
  33  3:08  Drone x3  
  37  3:18  Hatchery  
  36  3:31  Extractor  
  36  3:33  Lair, Extractor  
  34  3:35  Drone x3  
  34  3:36  Drone x3  
  34  3:37  Drone  
  41  3:49  Drone x3  
  41  3:51  Overlord x2  
  44  3:58  Roach Warren  
  44  4:24  Drone x4  
  44  4:25  Drone x2  
  49  4:44  Spire  
  49  4:45  Drone x3  
  50  4:46  Drone x6  
  57  5:12  Hatchery  
  56  5:15  Roach x2  
  56  5:16  Roach x3  
  56  5:18  Overlord x3  
  66  5:27  Evolution Chamber  
  65  5:28  Evolution Chamber  
  65  5:32  Extractor  
  65  5:35  Zergling x10  
  53  5:50  Roach  
  53  5:51  Roach x9  
  70  6:04  Queen  
  70  6:06  Drone x6  
  70  6:07  Drone x3  
  81  6:14  Zerg Missile Weapons Level 1, Zerg Ground Armor Level 1  
  81  6:18  Drone  
  81  6:19  Drone x2  
  81  6:30  Zergling x6  
  81  6:31  Zergling x6  
  81  6:32  Queen  
  84  6:37  Ravager x2  
  84  6:38  Ravager x4  
  90  6:42  Zerg Flyer Weapons Level 1  
  90  6:46  Drone x5  
  90  6:47  Drone  
  96  7:12  Extractor x2  
  94  7:31  Baneling Nest  
  94  7:33  Overlord x2  
  94  7:34  Overlord x2  
  93  7:55  Zergling x20  
  93  7:56  Zergling x24  
  115  8:16  Centrifical Hooks  
  115  8:21  Overseer  
  87  9:00  Zergling x2  
  87  9:01  Zergling x54  
  87  9:02  Zergling x4  
  117  9:26  Baneling  
  117  9:27  Baneling x7  
  117  9:28  Baneling x7  
  117  9:29  Baneling x6  
  117  9:30  Baneling x5  
  88  9:59  Zergling x2  
  76  10:02  Zergling x2  
  76  10:03  Zergling x36  
Show
View Real Time Build Order
Export as new Build Order

LilDicky Terran - Winner!

Build Orders: Command Center First (CC) 

Get SALT Encoding   

  12  0:01  SCV  
  13  0:15  SCV  
  14  0:22  Supply Depot  
  14  0:27  SCV  
  15  0:44  SCV  
  16  0:56  SCV  
  17  1:07  Command Center  
  17  1:08  SCV  
  18  1:20  SCV  
  19  1:27  Barracks  
  19  1:32  SCV  
  20  1:44  SCV  
  21  1:55  Command Center  
  21  1:58  SCV  
  22  2:10  SCV  
  23  2:17  Supply Depot  
  23  2:18  Marine  
  25  2:24  Orbital Command  
  25  2:25  Orbital Command  
  24  2:38  Marine  
  25  2:55  Command Center  
  25  2:56  SCV, Marine  
  27  2:59  SCV  
  28  3:14  Marine  
  29  3:23  Orbital Command  
  28  3:32  SCV, Marine  
  28  3:33  Barracks  
  30  3:35  SCV  
  30  3:37  Barracks  
  30  3:38  Barracks  
  31  3:45  SCV  
  31  3:46  Barracks  
  32  3:49  SCV  
  32  3:50  SCV  
  32  3:52  Marine  
  35  3:58  SCV  
  35  4:00  Barracks  
  35  4:01  SCV  
  37  4:05  SCV  
  37  4:09  Barracks  
  38  4:10  Marine  
  38  4:13  Orbital Command  
  39  4:18  SCV x2  
  39  4:20  Marine  
  42  4:25  Marine x2  
  42  4:27  SCV  
  42  4:28  Marine  
  46  4:34  Marine  
  46  4:36  SCV  
  46  4:38  Marine  
  49  4:41  Supply Depot, Barracks  
  49  4:42  SCV  
  49  4:43  Marine x2  
  49  4:45  SCV x2, Marine  
  54  4:46  Orbital Command  
  54  4:47  Marine  
  54  4:52  Marine  
  57  4:55  Marine  
  57  4:57  Barracks  
  57  4:58  Marine  
  59  5:01  Marine x2  
  59  5:02  SCV x3  
  59  5:03  Marine  
  59  5:05  Marine  
  66  5:09  Marine  
  66  5:11  SCV  
  66  5:13  Marine  
  66  5:14  SCV x3  
  70  5:16  Marine  
  70  5:19  Barracks, Marine x2  
  75  5:21  Marine  
  75  5:22  Refinery  
  75  5:23  Marine  
  75  5:24  SCV  
  75  5:25  Refinery  
  75  5:26  SCV x2  
  75  5:27  Marine  
  81  5:31  Marine  
  81  5:34  Marine  
  83  5:41  Marine x2  
  84  5:44  Marine  
  84  5:47  Marine x2  
  84  5:48  Marine  
  84  5:50  Marine  
  84  5:53  Supply Depot, Marine  
  84  5:54  Marine  
  81  5:58  Marine  
  81  6:00  Bunker  
  81  6:02  Bunker  
  82  6:06  Supply Depot  
  82  6:07  Supply Depot  
  82  6:10  Supply Depot x2  
  82  6:11  Bunker  
  82  6:12  Marine x5  
  82  6:13  Marine  
  82  6:14  Bunker  
  88  6:23  Marine x4  
  88  6:30  Marine  
  88  6:31  Marine x5  
  88  6:32  Refinery x2  
  77  6:41  Marine  
  77  6:43  Marine x3  
  84  6:54  Barracks  
  84  6:55  Barracks Tech Lab x3  
  84  6:56  Barracks  
  84  6:57  Barracks Reactor, Barracks  
  84  6:58  Barracks Reactor  
  84  6:59  Barracks Reactor, Marine  
  84  7:01  Marine x2  
  84  7:03  SCV x3  
  84  7:04  SCV  
  84  7:05  Marine  
  89  7:15  SCV x2  
  89  7:16  SCV x2  
  89  7:17  Marine  
  89  7:18  Marine x2  
  96  7:23  Marine  
  96  7:27  SCV  
  96  7:28  SCV x2  
  100  7:35  Marine x2  
  100  7:36  Marine x2  
  100  7:37  Combat Shields, Stimpack, Concussive Shells, Marauder x2  
  108  7:46  Command Center  
  108  7:47  SCV, Marine x2  
  108  7:48  Factory  
  111  7:55  Marine x3  
  111  7:56  Marine, Marauder  
  111  7:58  Marauder x2  
  121  7:59  Barracks Reactor  
  121  8:03  Marine x2  
  121  8:04  Refinery, Marine x2  
  121  8:05  Barracks Reactor, Refinery  
  126  8:08  Barracks Reactor  
  125  8:15  Marine x2  
  125  8:17  Marauder  
  125  8:19  Marauder  
  131  8:20  Engineering Bay, Marine  
  131  8:21  Engineering Bay  
  132  8:28  Marine  
  132  8:43  Marine  
  132  8:44  Marine x3  
  132  8:46  Marine x2  
  132  9:02  Command Center  
  132  9:04  Armory, Factory Reactor  
  132  9:12  Starport  
  132  9:13  Supply Depot  
  132  9:14  SCV, Marauder, Marine x5  
  132  9:15  Supply Depot x2  
  132  9:16  Supply Depot  
  140  9:30  Supply Depot  
  140  9:32  Supply Depot  
  140  9:34  Marine x6  
  140  9:35  Marauder  
  140  9:36  SCV, Marauder x2, Marine x2  
  139  9:56  Marauder, Marine x3  
  139  9:58  Marauder x2  
  130  10:01  Marine  
  130  10:02  Marine  
  130  10:04  Marine x3  
Tags
 
Add a new tag
Caveats
  • Supply blocks, unpowered buildings, or Contaminate may cause inaccurate times.
  • Supply counts are checked every 10 seconds.